Get step-by-step instructions on how to execute this build order below. Start the game timer, and the build order will tick by so you can play in parallel with StarCraft on a second screen or mobile device.

Game Time

  0:00

Last Step

  N/A

Next Step

  12  0:11  Pylon  

Upcoming Step

  12  0:13  Probe  

Don't want to look back and forth between 2 screens? Try out our Overwolf App, the Spawning Tool Build Advisor to get an in-game overlay with this build!

Complete Build Order

  12  0:11  Pylon  
  12  0:13  Probe  
  13  0:25  Probe  
  14  0:31  Gateway  
  14  0:40  Probe, Assimilator  
  15  0:55  Probe  
  16  1:07  Probe  
  17  1:19  Probe  
  18  1:31  Probe  
  19  1:33  Cybernetics Core  
  19  1:50  Nexus  
  19  1:53  Pylon  
  19  2:02  Assimilator  
  19  2:03  Warp Gate  
  19  2:10  Adept  
  20  2:18  Probe  
  21  2:30  Probe  
  22  2:46  Twilight Council  
  22  2:48  Probe  
  23  2:52  Adept  
  25  3:03  Gateway  
  25  3:16  Probe  
  26  3:21  Probe  
  26  3:24  Probe  
  27  3:31  Robotics Facility  
  27  3:33  Gateway  
  28  3:38  Shield Battery  
  28  3:39  Probe x2  
  30  3:51  Probe  
  31  4:04  Dark Shrine  
  31  4:06  Shield Battery  
  31  4:17  Probe  
  32  4:19  Warp Prism  
  32  4:23  Blink  
  34  4:26  Probe  
  34  4:27  Assimilator  
  34  4:29  Probe, Assimilator  
  36  4:34  Pylon  
  36  4:38  Probe  
  37  4:48  Adept x2  
  37  4:49  Adept  
  33  5:16  Stalker  
  30  5:28  Dark Templar  
  25  5:56  Dark Templar  
  25  5:57  Pylon  
  25  6:05  Gateway  
  25  6:07  Gateway  
  25  6:09  Gateway  
  25  6:14  Pylon  
  25  6:17  Robotics Facility  
  25  6:20  Shield Battery, Probe  
  25  6:22  Probe  
  27  6:32  Probe  
  28  6:34  Probe  
  28  6:36  Charge  
  29  6:44  Probe  
  29  6:46  Probe  
  31  6:47  Pylon  
  31  6:51  Shield Battery  
  31  6:55  Dark Templar  
  31  6:57  Probe  
  34  7:01  Stalker x2  
  34  7:03  Stalker  
  40  7:09  Observer  
  40  7:15  Archon  
  41  7:25  Probe x2  
  43  7:30  Shield Battery  
  42  7:37  Probe x2  
  38  7:45  Dark Templar  
  38  7:46  Immortal, Dark Templar x2  
  48  8:00  Probe  
  48  8:01  Archon, Probe  
  50  8:23  Zealot  
  50  8:24  Zealot x3  
  44  8:47  Sentry  
  44  8:49  Dark Templar x3  
  44  8:53  Probe x2  
  52  8:59  Immortal  
  56  9:13  Archon  
  56  9:17  Stalker  
  58  9:30  Stalker x3  
  64  9:47  Dark Templar  
  66  9:53  Stalker x2  
  48  10:19  Stalker x4  
  49  10:26  Dark Templar x2  
  49  10:27  Dark Templar x2  
  49  10:28  Dark Templar x3  
  37  10:29  Dark Templar  
  33  10:58  Nexus  
  33  11:02  Pylon  
  33  11:08  Pylon  
  33  11:25  Gateway  
  33  11:26  Gateway  
  33  11:27  Gateway  
  29  11:51  Probe  
  30  11:56  Assimilator  
  30  11:58  Assimilator  
  30  12:04  Probe  
  31  12:11  Forge  
  31  12:16  Probe  
  32  12:28  Probe  
  33  12:43  Dark Templar  
  35  12:44  Dark Templar x2